 Dungeon Crawl Stone Soup version 0.29.1-2-gbd0b4ee654 (webtiles) character file.

Game seed: 12638917405830898558

47 qeuew the Shield-Bearer (level 3, -1/26 HPs)
             Began as a Demonspawn Wanderer on Nov 3, 2022.
             Splashed by a jelly's acid (2 damage)
             ... on level 2 of the Dungeon.
             The game lasted 00:02:40 (2614 turns).

qeuew the Shield-Bearer (Demonspawn Wanderer)       Turns: 2614, Time: 00:02:41

Health: -1/26      AC:  1    Str: 12    XL:     3   Next: 48%
Magic:  3/3        EV: 11    Int: 12    God:
Gold:   43         SH:  5    Dex: 15    Spells: 2/2 levels left

rFire   . . .      SeeInvis .   a - +0 falchion
rCold   . . .      Faith    .   b - +0 buckler {AC+3}
rNeg    . . .      Spirit   .   e - +0 robe
rPois   +          Reflect  .   (no helmet)
rElec   .          Harm     .   (no cloak)
rCorr   .          Rampage  .   (no gloves)
Will    .....                   (no boots)
Stlth   +.........              (no amulet)
HPRegen 0.08/turn               j - ring of poison resistance
MPRegen 0.08/turn               (no ring)

@: corroded
A: foul stench 2
a: no special abilities


You were on level 2 of the Dungeon.
You visited 1 branch of the dungeon, and saw 2 of its levels.

You collected 43 gold pieces.

Inventory:

Hand Weapons
 a - a +0 falchion (weapon)
Armour
 b - a +0 buckler of protection (worn)
 e - a +0 robe (worn)
Jewellery
 j - a ring of poison resistance (left hand)
Wands
 c - a wand of polymorph (4) (quivered)
Scrolls
 d - 2 scrolls of teleportation
 f - a scroll of poison {unknown}
 g - a scroll of magic mapping
 h - a scroll of fog {unknown}
Potions
 i - a potion of attraction {unknown}


   Skills:
 * Level 1.4 Fighting
 * Level 2.2 Long Blades
 - Level 1.0 Throwing
 * Level 0.8 Armour
 * Level 1.6 Dodging
 - Level 0.3 Stealth
 + Level 3.9 Shields
 + Level 1.0 Evocations


You had 2 spell levels left.
You didn't know any spells.
Your spell library contained the following spells:

 Spells                   Type           Power      Damage    Failure   Level
 Apportation              Tloc           0%         N/A       38%         1
 Necrotise                Necr           0%         1d4       38%         1
 Summon Small Mammal      Summ           0%         N/A       38%         1


Dungeon Overview and Level Annotations

Branches:
Dungeon (2/15)

Altars:


Innate Abilities, Weirdness & Mutations

You sometimes emit foul miasma when damaged in melee.


Message History

The endoplasm barely misses you.
You slash the endoplasm!
You kill the endoplasm!
The endoplasm closely misses you. The endoplasm freezes you.
You are frozen.
Unknown command.
You hit the endoplasm.
The endoplasm is lightly wounded.
A nearby fungus withers and dies.
The endoplasm hits you but does no damage.
The endoplasm freezes you.
You are frozen.
* * * LOW HITPOINT WARNING * * *
The endoplasm closely misses you. The endoplasm hits you.
* * * LOW HITPOINT WARNING * * *
You emit a cloud of foul miasma!
The endoplasm hits you but does no damage.
The jelly jiggles.
The endoplasm attacks as you move away! You block the endoplasm's attack.
The endoplasm is engulfed in dark miasma.
You feel a bit more experienced.
Things that are here:
a +0 short sword; a kobold corpse
There is an open door here.
A jelly is nearby!
You close the door.
You start resting.
You hear a slurping noise.
The jelly eats the door!
You slash the jelly!
Your hands burn!
* * * LOW HITPOINT WARNING * * *
The jelly is moderately wounded.
You block the jelly's attack.
You hit the jelly but do no damage. The acid corrodes you!
Your hands burn!
* * * LOW HITPOINT WARNING * * *
The jelly is moderately wounded.
You block the jelly's attack.
You hit the jelly.
Your hands burn!
You die...

.# .# ####### #.#
#......########## #.##
#..PJ..J##......###..#
#÷...JJ#J#.......##..#
#.P..JJ#.#........'..#
#......#.#@......))).#
#.P...÷#J#J#.....)').######
#...÷..#.#J#.....##........
#÷÷P..P#)#J#....###........
#?.J...##.####### #........
#.# ######### #..###### #.#
#....###..## #.#
#.....##...# #.#
#........#.##


You could see 2 jellies and an endoplasm.

Vanquished Creatures
  3 worms (D:2)
  2 dart slugs (D:1)
  2 ball pythons
  4 endoplasms
  A giant cockroach (D:1)
  4 goblins
  9 kobolds
  A quokka (D:1)
  2 bats
  6 rats
34 creatures vanquished.

Vanquished Creatures (others)
  A fungus (D:2)
  8 toadstools (D:2)
9 creatures vanquished.

Grand Total: 43 creatures vanquished

Notes
Turn   | Place    | Note
-------+----------+-------------------------------------------
     0 | D:1      | qeuew the Demonspawn Wanderer began the quest for the Orb.
     0 | D:1      | qeuew set off with the following items: a +0 falchion, a +0
                  | buckler of protection, a wand of polymorph (4), a scroll of
                  | vulnerability, a +0 robe.
     0 | D:1      | Reached XP level 1. HP: 15/15 MP: 1/1
   613 | D:1      | Gained mutation: You may rarely emit foul miasma when
                  | damaged in melee. [demonic ancestry]
   613 | D:1      | Reached XP level 2. HP: 21/21 MP: 2/2
  1817 | D:2      | Gained mutation: You sometimes emit foul miasma when
                  | damaged in melee. [demonic ancestry]
  1817 | D:2      | Reached XP level 3. HP: 26/26 MP: 3/3
  2613 | D:2      | HP: 1/26 [acid (3)]
  2614 | D:2      | Splashed by a jelly's acid

Illustrated notes

Levels and vault maps discovered:
D:1:      evilmike_arrival_rings, layout_loops_cross, serial_co_window_serial,
          co_window_of_opportunity_a, co_window_corner_a, co_window_paths_b,
          co_window_paths_a, co_window_paths_b, co_window_broadway_b,
          co_window_corner_b, co_window_corner_cb, co_window_broadway_c,
          co_window_4corner_a, co_window_4corner_b, glass_columns_a,
          glass_columns_a, chequers_serial_rivers_small_b
D:2:      cheibrodos_fertilizer, layout_basic, basic_altar

Skill      XL: |  1  2 |
---------------+-------+-----
Long Blades    | 2 |  2.2
Fighting       | |  1.4
Throwing       | |  1.0
Armour         | |  0.8
Dodging        | |  1.6
Stealth        | |  0.3
Shields        | |  3.9
Evocations     | |  1.0

Action                   || total
-------------------------++-------
Melee: Falchion          ||   127
  Use: Scroll            ||     2
       Potion            ||     2
 Stab: Sleeping          ||     3
Armor: Robe              ||    46
Dodge: Dodged            ||    66
Block: Buckler           ||    33
